 Dungeon Crawl Stone Soup version 0.31-a0-851-g7ff8af7976 (webtiles) character file.

Game seed: 6229873981104327944

2032 Maratek the Cleaver (level 9, -6/72 (79) HPs)
             Began as a Minotaur Fighter on Oct 5, 2023.
             Was a Believer of Kikubaaqudgha.
             Mangled by a wight
             ... wielding a +3 spear
              (10 damage)
             ... on level 8 of the Dungeon.
             The game lasted 00:11:02 (6837 turns).

Maratek the Cleaver (Minotaur Fighter)              Turns: 6837, Time: 00:11:03

HP:   -6/72 (79)    AC:  7    Str: 24    XL:     9   Next: 3%
MP:   8/8           EV:  9    Int:  5    God:    Kikubaaqudgha [**....]
Gold: 417           SH: 11    Dex: 11    Spells: 8/8 levels left

rFire   . . .        a - +0 war axe
rCold   . . .        z - +2 kite shield
rNeg    . . .        b - +0 scale mail
rPois   .            (helmet restricted)
rElec   .            t - scarf {+Inv}
rCorr   .            (no gloves)
SInv    .            (no boots)
Will    .....        (no amulet) Stlth
                     (no ring)
HPRegen 0.32/turn    (no ring)
MPRegen 0.11/turn

%: no passive effects
@: drained
A: horns 2, retaliatory headbutt
a: Renounce Religion, Evoke Invisibility, Unearth Wretches


You were on level 8 of the Dungeon.
You worshipped Kikubaaqudgha.
Kikubaaqudgha was pleased with you.
You visited 2 branches of the dungeon, and saw 10 of its levels.
You also visited: Ossuary.

You collected 615 gold pieces.
You spent 198 gold pieces at shops.

Inventory:

Hand Weapons
 a - a +0 war axe (weapon)
Missiles
 r - 2 throwing nets
Armour
 b - a +0 scale mail (worn)
 t - a scarf of invisibility (worn)
 z - a +2 kite shield (worn)
Jewellery
 e - a ring of wizardry
 g - a ring of wizardry
 k - a ring of magical power
Wands
 f - a wand of flame (16)
 o - a wand of charming (3)
Scrolls
 i - 2 scrolls of enchant weapon
 m - 2 scrolls of enchant armour
 u - a scroll of revelation
 v - 2 scrolls of teleportation
 w - a scroll of silence
Potions
 c - 2 potions of ambrosia {unknown}
 d - a potion of might
 h - 2 potions of degeneration {unknown}
 j - a potion of brilliance {unknown}
 l - 2 potions of haste {unknown}
 n - 7 potions of heal wounds {unknown}
 p - a potion of mutation {unknown}
 q - a potion of resistance {unknown}
 s - a potion of enlightenment {unknown}
 x - 4 potions of curing {unknown}
 A - a potion of attraction {unknown}


   Skills:
 + Level 7.2 Fighting
 + Level 9.8 Axes
 + Level 6.8 Armour
 + Level 2.6 Dodging
 + Level 1.4 Stealth
 + Level 5.9 Shields


You had 8 spell levels left.
You didn't know any spells.
Your spell library contained the following spells:

 Spells                   Type           Power      Damage    Failure   Level
 Kiss of Death            Conj/Necr      0%         2d5       94%         1
 Magic Dart               Conj           0%         1d3       94%         1
 Necrotise                Necr           0%         1d4       94%         1
 Cigotuvi's Dreadful Rot  Necr/Pois/Air  0%         N/A       98%         2
 Ensorcelled Hibernation  Hex/Ice        0%         N/A       98%         2
 Passwall                 Tmut/Erth      0%         N/A       98%         2
 Searing Ray              Conj           0%         2d4       98%         2
 Call Canine Familiar     Summ           0%         N/A       100%        3
 Sigil of Binding         Hex            0%         N/A       100%        3
 Swiftness                Air            0%         N/A       100%        3
 Vampiric Draining        Necr           0%         2d6       100%        3
 Dimensional Bullseye     Hex/Tloc       0%         N/A       100%        4
 Fulminant Prism          Conj/Hex       0%         3d5       100%        4
 Leda's Liquefaction      Hex/Erth       0%         N/A       100%        4


Dungeon Overview and Level Annotations

Branches:
Dungeon (9/15)             Temple (1/1) D:4         Ossuary (visited)
   Lair: D:8-11         Orc: D:9-12

Altars:
Ashenzari
Cheibriados
Dithmenos
Elyvilon
Fedhas
Hepliaklqana
Kikubaaqudgha
Makhleb
Nemelex Xobeh
Okawaru
Qazlal
Sif Muna
Trog
Uskayaw
Vehumet
Wu Jian
Xom
Yredelemnul
Zin
The Shining One

Shops:
D:1 =   D:2 !![*

Annotations:
D:7 3 runed translucent doors


Innate Abilities, Weirdness & Mutations

You have a pair of horns on your head.
You reflexively headbutt those who attack you in melee.


Message History

You hit the wight. The wight hits you with a +3 spear!
* * * LOW HITPOINT WARNING * * *
The orc wizard gestures at you while chanting.
The magic dart hits you.
* * * LOW HITPOINT WARNING * * *
You closely miss the wight.
The wight is lightly damaged.
You closely miss the orc wizard. The wight hits you with a +3 spear.
* * * LOW HITPOINT WARNING * * *
You feel drained.
* * * LOW HITPOINT WARNING * * *
The orc wizard misses you.
You miss the wight.
The wight is lightly damaged.
You hit the orc wizard but do no damage.
The wight hits you with a +3 spear.
* * * LOW HITPOINT WARNING * * *
The orc wizard hits you but does no damage.
You closely miss the wight.
The wight is lightly damaged.
You miss the orc wizard. The wight hits you with a +3 spear!
* * * LOW HITPOINT WARNING * * *
You feel drained.
* * * LOW HITPOINT WARNING * * *
The orc wizard hits you with a +0 dagger.
* * * LOW HITPOINT WARNING * * *
You bump into the rock wall.
The orc wizard barely misses you. The wight barely misses you.
You bump into the rock wall.
You feel less confused. You block the wight's attack.
The orc wizard gestures at you while chanting.
The magic dart hits you.
* * * LOW HITPOINT WARNING * * *
You hit the wight but do no damage.
The wight is lightly damaged.
You hit the orc wizard but do no damage.
The wight hits you with a +3 spear!
You die...
Kikubaaqudgha rasps: "You have failed me!
Welcome... death!"

...........#
..........####
#..........###
+.....>.......
#..........##.
#..###'###..#.
#.## #.# #....
###########.#
#.# ##.##
#....zz@o...#
#.####...
#.#########.#
#......#. #.#
######.#| #.#
#.... #.#
#..## ...
#.... ...
#.#<# .. #.#.#
#.#.#


You could see 2 wights and an orc wizard.

Vanquished Creatures
  A steam dragon (D:8)
  An ice beast (D:7)
  A black bear (D:5)
  2 ogres
  Blork the orc (D:6)
  5 scorpions
  A gnoll sergeant (D:7)
  A bullfrog (D:7)
  2 wights (D:8)
  A howler monkey (D:7)
  A jelly (D:4)
  2 gnoll boudas
  5 hounds
  4 iguanas
  3 sleepcaps
  Ijyb (D:3)
  3 orc wizards
  8 mummies (Ossuary)
  11 gnolls
  6 adders
  2 shadow imps
  2 ufetubi
  2 worms
  A dart slug (D:3)
  22 orcs
  7 ball pythons
  3 endoplasms
  3 giant cockroaches
  2 gnoll zombies (Ossuary)
  11 goblins
  6 hobgoblins
  3 jackals (D:3)
  A quokka (D:1)
  2 frilled lizards (D:2)
  3 hobgoblin zombies (Ossuary)
  6 kobolds
  2 kobold zombies (Ossuary)
  An orc zombie (Ossuary)
  6 rats
145 creatures vanquished.

Notes
Turn   | Place    | Note
-------+----------+-------------------------------------------
     0 | D:1      | Maratek the Minotaur Fighter began the quest for the Orb.
     0 | D:1      | Reached XP level 1. HP: 19/19 MP: 0/0
   363 | D:1      | Reached XP level 2. HP: 27/27 MP: 1/1
   486 | D:1      | Found Juablapomez's Jewellery Boutique.
   557 | D:2      | Found Fasenon Qagg's Distillery.
   571 | D:2      | Found Bunkel's Armour Shop.
   929 | D:2      | Reached XP level 3. HP: 27/33 MP: 2/2
  1007 | D:2      | Found Ilamyrot's Distillery.
  1249 | D:2      | Found Vututic's Assorted Antiques.
  1343 | D:3      | Reached skill level 3 in Axes
  1452 | D:3      | Noticed Ijyb
  1483 | D:3      | Killed Ijyb
  1484 | D:3      | Reached XP level 4. HP: 23/41 MP: 3/3
  2023 | D:4      | Noticed an ogre
  2029 | D:4      | Killed an ogre
  2030 | D:4      | Reached skill level 4 in Axes
  2030 | D:4      | Reached XP level 5. HP: 47/47 MP: 4/4
  2050 | D:4      | Found a staircase to the Ecumenical Temple.
  2090 | D:4      | Reached skill level 5 in Armour
  2090 | D:4      | Reached skill level 1 in Dodging
  2100 | D:4      | Reached skill level 5 in Axes
  2125 | Temple   | Entered the Ecumenical Temple
  2135 | Temple   | Became a worshipper of Kikubaaqudgha
  2151 | D:4      | Found a stormy altar of Qazlal.
  2154 | D:4      | Found a bloodstained altar of Trog.
  2214 | D:4      | Reached XP level 6. HP: 34/55 MP: 5/5
  2473 | D:4      | Reached skill level 5 in Fighting
  2809 | D:5      | Entered Level 5 of the Dungeon
  2849 | D:5      | Reached skill level 6 in Axes
  2928 | D:5      | Reached XP level 7. HP: 61/61 MP: 6/6
  3083 | D:5      | Reached * piety under Kikubaaqudgha
  3083 | D:5      | Received a gift from Kikubaaqudgha
  3357 | D:5      | Reached skill level 7 in Axes
  3357 | D:5      | Reached skill level 5 in Shields
  3362 | D:5      | Found a sand-covered staircase.
  3370 | Ossuary  | Entered an ossuary
  3403 | Ossuary  | HP: 1/61 [mummy (14)]
  4220 | D:2      | Bought a +2 kite shield for 198 gold pieces
  4796 | D:6      | You fall into a shaft and drop 3 floors!
  4801 | D:9      | Noticed a steam dragon
  4811 | D:8      | Killed a steam dragon
  4812 | D:8      | Reached XP level 8. HP: 12/71 MP: 7/7
  5213 | D:8      | Reached skill level 1 in Stealth
  5339 | D:6      | Reached skill level 8 in Axes
  5342 | D:6      | Reached ** piety under Kikubaaqudgha
  5441 | D:6      | Identified the staff "Xuarphycah" {rF+ Int+4 Dex+4 Fire}
  5551 | D:6      | Noticed Blork the orc
  5560 | D:6      | Killed Blork the orc
  6009 | D:7      | Reached skill level 9 in Axes
  6258 | D:7      | Found a runed translucent gate.
  6259 | D:7      | Found a runed translucent gate.
  6259 | D:7      | Noticed a polar bear
  6260 | D:7      | Found a runed translucent gate.
  6260 | D:7      | Noticed a polar bear
  6325 | D:7      | Noticed a manticore
  6822 | D:8      | Reached XP level 9. HP: 79/79 MP: 8/8
  6836 | D:8      | HP: 3/72 [orc wizard/magic dart (1)]
  6837 | D:8      | Mangled by a wight

Illustrated notes

Levels and vault maps discovered:
D:1:      psy_arrival_dodecagon, layout_loops_cross, serial_shops,
          nicolae_shop_statue_plus
D:2:      layout_basic, serial_shops, nicolae_shop_real_fake_doors,
          nicolae_shop_getting_attention, shop,
          nicolae_shop_tiny_real_fake_doors, kennysheep_generic_room_2
D:3:      layout_loops_cross, uniq_ijyb
D:4:      layout_cave_pools, grunt_temple_overflow_open,
          minmay_temple_entry_glassed_door, hangedman_minor_gate_pass
D:5:      layout_cave_pods, enter_ossuary_3
D:6:      layout_loops_ring, item_on_display_a, uniq_blork_the_orc
D:7:      lemuel_bear_cage, layout_cave_pools, serial_column_ruins,
          column_ruins_corridor_plus, column_ruins_columns_corner,
          column_ruins_columns_straight, column_ruins_corridor_straight,
          column_ruins_open_tiny, column_ruins_columns_T, enter_bailey_5
D:8:      layout_basic, mainiacjoe_overflow_alcove_4,
          kennysheep_generic_room_11, uniq_grum
D:9:      layout_irregular_city
Temple:   nicolae_temple_two_arcs

Skill      XL: |  1  2  3  4  5  6  7  8 |
---------------+-------------------------+-----
Shields        | 4 5 |  5.9
Armour         | 4 5 6 |  6.8
Fighting       | 4 5 6 7 |  7.2
Axes           | 3 4 5 6 7 9 |  9.8
Dodging        | 1 2 |  2.6
Stealth        | 1 |  1.4

Action                     |  1- 3 |  4- 6 |  7- 9 || total
---------------------------+-------+-------+-------++-------
  Melee: War axe           |    71 |    82 |   209 ||   362
         Headbutt          |    10 |    20 |    37 ||    67
    Use: Scroll            |       |     3 |     5 ||     8
 Armour: Scale mail        |    55 |    43 |   152 ||   250
  Dodge: Dodged            |    30 |    38 |    92 ||   160
  Block: Buckler           |    15 |    19 |    21 ||    55
         Kite shield       |       |       |    66 ||    66

Table legend: (Time is in decaauts)
 A = Elapsed time spent in this place.
 B = Non-inter-level travel time spent in this place.
 C = Inter-level travel time spent in this place.
 D = Time resting spent in this place.
 E = Time spent auto-exploring this place.
 F = Levels seen in this place.
 G = Mean time per level.
                   A        B        C        D        E       F      G
               +--------+--------+--------+--------+--------+-----+--------+
         Total |   6930 |   6476 |    454 |   1052 |   4467 |  11 |  630.0 |
       Dungeon |   6182 |   5746 |    436 |    644 |   4228 |   9 |  686.9 |
        Temple |     20 |      2 |     18 |      0 |      0 |   1 |   20.0 |
       Ossuary |    727 |    727 |      0 |    408 |    239 |   1 |  727.0 |
               +--------+--------+--------+--------+--------+-----+--------+

Top non-repeatable levels by time:
     D:5: 1066 daAuts
     D:2: 880 daAuts
     D:6: 818 daAuts
     D:3: 792 daAuts
     D:4: 791 daAuts
     D:7: 787 daAuts
 Ossuary: 727 daAuts
     D:1: 527 daAuts
     D:8: 504 daAuts
  Temple: 20 daAuts
     D:9: 13 daAuts
